 Dungeon Crawl Stone Soup version 0.29.1-15-g9cfb28693d (webtiles) character file.

Game seed: 7595174123688131175

207 protoss039 the Digger (level 5, 11/40 HPs)
             Began as a Demonspawn Earth Elementalist on Mar 8, 2023.
             Got out of the dungeon alive.
             The game lasted 00:03:14 (2078 turns).

protoss039 the Digger (DsEE)                        Turns: 2078, Time: 00:03:14

Health: 11/40      AC:  6    Str:  8    XL:     5   Next: 54%
Magic:  5/10       EV: 10    Int: 18    God:
Gold:   55         SH:  0    Dex: 16    Spells: 7/10 levels left

rFire   . . .      SeeInvis .   m - +0 rapier
rCold   . . .      Faith    .   (no shield)
rNeg    . . .      Spirit   .   d - +0 ring mail
rPois   .          Reflect  .   l - +0 helmet
rElec   .          Harm     .   (no cloak)
rCorr   .          Rampage  .   (no gloves)
Will    .....                   (no boots)
Stlth   ++........              (no amulet)
HPRegen 0.13/turn               i - ring of wizardry
MPRegen 0.12/turn               (no ring)

@: no status effects
A: claws 2, thin skeletal structure 1, demonic magic 1
a: no special abilities


You escaped.
You visited 1 branch of the dungeon, and saw 2 of its levels.

You collected 55 gold pieces.

Inventory:

Hand Weapons
 m - a +0 rapier (weapon)
Armour
 d - a +0 ring mail (worn)
 l - a +0 helmet (worn)
Jewellery
 i - a ring of wizardry (left claw)
Scrolls
 e - 3 scrolls of magic mapping {unknown}
 h - a scroll of poison {unknown}
 k - a scroll of fog {unknown}
 n - 3 scrolls of identify {unknown}
 o - a scroll of vulnerability {unknown}
Potions
 a - a potion of flight {unknown}
 b - a potion of magic
 c - a potion of attraction {unknown}
 f - a potion of heal wounds {unknown}
 g - a potion of mutation {unknown}
 j - a potion of cancellation {unknown}


   Skills:
 + Level 2.9 Fighting
 - Level 1.7 Dodging
 - Level 1.7 Stealth
 + Level 3.4 Spellcasting
 - Level 0.8 Transmutations
 + Level 4.0 Earth Magic


You had 7 spell levels left.
You knew the following spells:

 Your Spells              Type           Power      Damage    Failure   Level
a - Sandblast             Erth           34%        2d9       4%          1
b - Passwall              Tmut/Erth      9%         N/A       11%         2

Your spell library contained the following spells:

 Spells                   Type           Power      Damage    Failure   Level
 Stone Arrow              Conj/Erth      20%        3d8       26%         3
 Petrify                  Tmut/Erth      11%        N/A       54%         4


Dungeon Overview and Level Annotations

Branches:
Dungeon (2/15) Zot: 9895

Altars:
Kikubaaqudgha


Innate Abilities, Weirdness & Mutations

You have very sharp fingernails.
You have a somewhat thin skeletal structure. (Dex +2, Stealth+)
Spells you cast may paralyse adjacent enemies.


Message History

You closely miss something. Something hits you but does no damage.
Unknown command.
You miss something. Something hits you!
Unknown command.
You closely miss something. Something hits you!
* * * LOW HITPOINT WARNING * * *
Casting: Sandblast (safe; 6% risk of failure)
Confirm with . or Enter, or press ? or * to list all spells.
Aiming: Sandblast (safe; 6% risk of failure)
Press: ? - help, Shift-Dir - straight line, f - you That would be overly suicidal.
Okay, then.
Unknown command.
Casting: Sandblast (safe; 6% risk of failure)
Confirm with . or Enter, or press ? or * to list all spells.
Aiming: Sandblast (safe; 6% risk of failure)
Press: ? - help, Shift-Dir - straight line The blast of sand hits something.
Reactivating autopickup.
You feel a bit more experienced.
Your Fighting skill increases to level 2!
Your Spellcasting skill increases to level 3!
Your Earth Magic skill increases to level 4!
You have reached level 4!
You feel agile.
Your demonic ancestry asserts itself...
A menacing aura infuses your magic.
You have reached level 5!
Your demonic ancestry asserts itself...
Your bones become slightly less dense.
c - an amethyst potion
Things that are here:
a +0 scythe; a +0 robe; the human corpse of Sigmund
There is a stone staircase leading up here.
You climb upwards.
There is a stone staircase leading down here.
Unknown command.
There is an open door here.
There is a staircase leading out of the dungeon here.
Are you sure you want to leave the Dungeon?
This will make you lose the game!
You have escaped!

............#..## #..##..# ######
..#.#.#.#.###.######.##..## ####
..........#......# #..#...####...
#.#.#.#.#...####.# ##..##.##...##
#..........## #.# ##.##....###
#.#.#.#.#..# #'# ###.......###
#.....(....## ##.####.#####.#...#
##..........###...##.#'#.........
#..(...#.#..#..@..'##.##.###....
#......#..#.##...###...########.
#......##.#####'###.....##......
#......##.### #.'........#.#####
#...........###'###.....##.###
#......##.####..(###...##....#
#...........#.....'##.####.#.#
#...........##...##.#+# #...###
#.........#####.####.######.....


There were no monsters in sight!

Vanquished Creatures
  Sigmund (D:2)
  An adder (D:2)
  A worm (D:1)
  2 dart slugs
  5 ball pythons
  5 bats
  3 endoplasms (D:1)
  A giant cockroach (D:1)
  5 hobgoblins
  3 frilled lizards
  5 kobolds
  2 rats
34 creatures vanquished.

Notes
Turn   | Place    | Note
-------+----------+-------------------------------------------
     0 | D:1      | protoss039 the Demonspawn Earth Elementalist began the
                  | quest for the Orb.
     0 | D:1      | Reached XP level 1. HP: 13/13 MP: 3/3
   442 | D:1      | Gained mutation: You have sharp fingernails. [demonic
                  | ancestry]
   442 | D:1      | Reached XP level 2. HP: 20/20 MP: 1/5
   748 | D:1      | Reached skill level 1 in Fighting
   894 | D:1      | Reached skill level 3 in Earth Magic
  1179 | D:1      | Learned a level 2 spell: Passwall
  1433 | D:2      | Gained mutation: You have very sharp fingernails. [demonic
                  | ancestry]
  1433 | D:2      | Reached XP level 3. HP: 26/26 MP: 3/6
  1533 | D:2      | Found an ancient bone altar of Kikubaaqudgha.
  1622 | D:2      | Found a faded altar of an unknown god.
  1997 | D:2      | Noticed Sigmund
  2030 | D:2      | Killed Sigmund
  2031 | D:2      | Reached skill level 4 in Earth Magic
  2031 | D:2      | Gained mutation: Spells you cast may paralyse adjacent
                  | enemies. [demonic ancestry]
  2031 | D:2      | Reached XP level 4. HP: 4/34 MP: 0/9
  2031 | D:2      | Gained mutation: You have a somewhat thin skeletal
                  | structure. (Dex +2, Stealth+) [demonic ancestry]
  2031 | D:2      | Reached XP level 5. HP: 5/40 MP: 0/10
  2078 | D:$      | Got out of the dungeon alive.

Illustrated notes

Levels and vault maps discovered:
D:1:      dpeg_arrival_rhombi, layout_rooms, serial_co_window_serial,
          co_window_of_opportunity_a, co_window_paths_a, co_window_corner_a,
          co_window_corner_a, co_window_corner_a, co_window_unsneaky_path_a,
          co_window_of_opportunity_c, co_window_corner_cb, co_window_2corner,
          glass_columns_c
D:2:      layout_rooms, basic_altar, serial_co_window_serial, co_window_paths_a,
          co_window_of_opportunity_a, co_window_paths_a,
          co_window_of_opportunity_a, co_window_of_opportunity_a,
          co_window_cross_1, co_window_paths_b, co_window_corner_b,
          co_window_broadway_c, co_window_broadway_b, co_window_corner_cb,
          co_window_unsneaky_path_e, co_window_corner_cb, glass_columns_c,
          glass_columns_a, glass_columns_a, glass_columns_b,
          hellmonk_ecumenical_altar_blasted, chequers_arboretum, uniq_sigmund

Skill      XL: |  1  2  3 |
---------------+----------+-----
Fighting       | 1 2 |  2.9
Earth Magic    | 3 4 |  4.0
Spellcasting   | 3 |  3.4
Dodging        | |  1.7
Stealth        | |  1.7
Transmutations | |  0.8

Action                   |  1- 3 |  4- 6 || total
-------------------------+-------+-------++-------
Melee: Unarmed           |     8 |       ||     8
       Whip              |    29 |       ||    29
       Rapier            |    15 |       ||    15
 Cast: Sandblast         |    41 |       ||    41
       Passwall          |     1 |       ||     1
  Use: Potion            |     2 |       ||     2
 Stab: Sleeping          |     1 |       ||     1
Armor: Ring mail         |    32 |       ||    32
       Robe              |     2 |       ||     2
Dodge: Dodged            |    59 |       ||    59
